 Dungeon Crawl Stone Soup version 0.22-a0-247-gbddf880 (webtiles) character file.

69022 pkoi the Fencer (level 14, -2/127 HPs)
             Began as a Minotaur Gladiator on Feb 23, 2018.
             Was the Champion of Okawaru.
             Hit by a steel javelin thrown by a merfolk javelineer (22 damage)
             ... on level 1 of the Shoals.
             The game lasted 00:38:04 (24300 turns).

pkoi the Fencer (Minotaur Gladiator)               Turns: 24300, Time: 00:38:04

Health: -2/127     AC: 30    Str: 24    XL:     14   Next: 88%
Magic:  18/18      EV: 14    Int:  5    God:    Okawaru [******]
Gold:   1377       SH:  0    Dex: 12    Spells: 12/13 levels left

rFire    + + +     SeeInvis +   c - +1 great sword (protect)
rCold    + + .     Gourm    +   (shield currently unavailable)
rNeg     + . .     Faith    .   T - +2 chain mail {rPois}
rPois    +         Spirit   .   R - +0 hat of the Locust {rN+ SInv}
rElec    .         Reflect  .   F - scarf {rC+ rF+}
rCorr    .         Harm     .   g - +2 pair of gloves "Puric" {rF+ rC+}
MR       +....                  I - +1 pair of boots
Stlth    ..........             s - amulet of the gourmand
HPRegen  0.31/turn              L - +3 ring of protection
MPRegen  0.16/turn              l - ring of protection from fire

@: protection aura
A: retaliatory headbutt, horns 2
a: Heroism, Finesse, Renounce Religion


You were on level 1 of the Shoals.
You worshipped Okawaru.
Okawaru was exalted by your worship.
You were very full.

You visited 4 branches of the dungeon, and saw 21 of its levels.
You also visited: Labyrinth.

You collected 1377 gold pieces.

Inventory:

Hand Weapons
 a - a +1 long sword
 c - a +1 great sword of protection (weapon)
 H - a +0 great sword of slicing
Missiles
 d - 5 throwing nets
 S - 19 javelins of penetration (quivered)
 W - 2 poisoned javelins
Armour
 g - the +2 pair of gloves "Puric" (worn) {rF+ rC+}
   (Okawaru gifted it to you on level 6 of the Lair of Beasts)

   It protects you from fire.
   It protects you from cold.
 F - a scarf of resistance (worn)
 I - a +1 pair of boots (worn)
 N - a +0 pair of gloves of dexterity
 R - the +0 hat of the Locust (worn) {rN+ SInv}
   (Okawaru gifted it to you on level 3 of the Lair of Beasts)

   It protects you from negative energy.
   It lets you see invisible.
 T - a +2 chain mail of poison resistance (worn)
Jewellery
 i - an uncursed amulet of rage
 l - a ring of protection from fire (right hand)
 n - an uncursed ring of flight
 s - an amulet of the gourmand (around neck)
 t - an uncursed ring of see invisible
 E - an uncursed ring of positive energy
 L - a +3 ring of protection (left hand)
Wands
 q - a wand of enslavement (44)
 v - a wand of random effects (26)
 A - a wand of scattershot (4)
 C - a wand of iceblast (17)
 D - a wand of disintegration (24)
 O - a wand of polymorph (19)
 Q - a wand of flame (19)
Scrolls
 h - 5 scrolls of fog
 j - 8 scrolls of remove curse
 r - 14 scrolls of identify
 u - 3 scrolls of teleportation
 w - 2 scrolls of amnesia
 y - 5 scrolls of enchant weapon
 J - 2 scrolls of magic mapping
 P - 4 scrolls of enchant armour
 U - 2 scrolls of brand weapon
 V - a scroll of acquirement
 X - a scroll of blinking
Potions
 b - 2 potions of ambrosia
 e - a potion of might
 k - 2 potions of magic
 m - 4 potions of curing
 p - 7 potions of heal wounds
 x - 3 potions of berserk rage
 z - 2 potions of flight
 B - 5 potions of brilliance
 G - a potion of cancellation
 K - a potion of agility
 M - a potion of invisibility
Miscellaneous
 o - a lightning rod (4/4)
 Y - a phantom mirror
Comestibles
 f - 40 rations


   Skills:
 + Level 12.9 Fighting
 + Level 16.5 Long Blades
 - Level 9.1 Throwing
 + Level 12.6 Armour
 + Level 12.1 Dodging
 + Level 7.4 Invocations
 + Level 5.6 Evocations


You had 12 spell levels left.
You knew the following spells:

 Your Spells              Type           Power        Failure   Level  Hunger
a - Summon Butterflies    Summ           #.......     94%         1    ##.....


Dungeon Overview and Level Annotations

Branches:
Dungeon (13/15)            Temple (1/1) D:4            Lair (6/6) D:10
 Shoals (1/4) Lair:4       Spider (0/4) Lair:2        Slime (0/5) Lair:5
    Orc (0/2) D:12
 Vaults: D:13-14

Altars:
Ashenzari
Cheibriados
Dithmenos
Elyvilon
Fedhas
Gozag
Hepliaklqana
Kikubaaqudgha
Makhleb
Nemelex Xobeh
Okawaru
Qazlal
Ru
Sif Muna
Trog
Uskayaw
Vehumet
Wu Jian
Xom
Yredelemnul
Zin
The Shining One
Beogh
Jiyva

Shops:
D:8 :   D:13 (

Annotations:
Lair:1 exclusion: 2 oklob plants


Innate Abilities, Weirdness & Mutations

You reflexively headbutt those who attack you in melee.
You have a pair of horns on your head.


Message History

You hear a shout!
You closely miss the merfolk javelineer.
You headbutt the merfolk javelineer!
The merfolk javelineer is almost dead.
You hear a shout!
The merfolk javelineer throws a steel javelin.
The steel javelin closely misses you.
You hear a splash.
The merfolk javelineer throws a steel javelin.
The steel javelin hits you but does no damage.
You see here a steel javelin.
You miss the merfolk javelineer. You headbutt the merfolk javelineer!
The merfolk javelineer is almost dead.
The merfolk javelineer throws a steel javelin.
The steel javelin hits you but does no damage.
You closely miss the merfolk javelineer.
The merfolk javelineer is almost dead.
The merfolk javelineer throws a steel javelin.
The steel javelin hits you!!
You die...

≈≈≈≈≈...##..(≈≈≈...>.
≈≈≈≈≈.....≈[.≈.......
≈≈≈≈≈..........$.P≈P
≈≈..≈.......<...≈P≈#
≈≈..≈.≈≈≈..≈...≈≈###
≈≈≈≈≈.....≈≈≈.≈≈##
≈≈≈....##...(.P##
≈.....# #.≈.m(≈#
.###.. #.≈.@.≈# #..
#..≈...P# ..#
#..≈≈..P# .....≈...≈#
.........≈#
.......##≈# ...≈...
P≈ .#...≈≈ .≈≈


You could see a merfolk javelineer.

Vanquished Creatures
  Frances (D:12)
  Kirke (Lair:4)
  A minotaur (Lab)
  A merfolk impaler (Shoals:1)
  11 hydras
  2 catoblepae
  4 two-headed ogres
  2 tengu warriors (D:12)
  An unseen horror (D:13)
  A wizard (D:10)
  Pikel (D:4)
  2 ugly things (D:12)
  A manticore (Shoals:1)
  A merfolk siren (Lair:4)
  4 elephants (Lair:4)
  A water nymph (Shoals:1)
  7 black mambas
  10 spiny frogs
  A gargoyle (D:11)
  An efreet (D:13)
  8 komodo dragons
  A kobold demonologist (D:12)
  4 polar bears
  A troll (D:13)
  3 jumping spiders (Lair:2)
  5 hornets (Lair:6)
  11 hippogriffs
  31 blink frogs
  Sigmund (D:3)
  9 dream sheep
  34 yaks
  3 redbacks (Lair:2)
  6 wyverns
  2 shadows (D:11)
  15 spriggans
  A wraith (D:12)
  The ghost of davenfal the Sneak, an amateur DDAs (D:5)
  A hog (Lair:4)
  11 basilisks
  A hungry ghost (D:11)
  2 vampire mosquitoes (D:13)
  12 water moccasins
  2 acid dragons (D:13)
  3 porcupines
  A swamp drake (D:10)
  A slave (D:4)
  5 orc warriors
  7 ice beasts
  5 black bears
  A sky beast (D:11)
  A phantom (D:6)
  3 eyes of draining
  30 wolves
  3 boggarts (Lair:6)
  18 centaurs
  8 ogres
  14 crocodiles
  2 big kobolds
  19 bullfrogs
  An earth elemental (Lab)
  A gnoll sergeant (D:7)
  A wyvern zombie (D:13)
  A wyvern skeleton (D:9)
  3 scorpions
  10 killer bees
  16 wights
  12 howler monkeys
  An electric eel (Lair:3)
  4 crimson imps
  A lava snake (D:9)
  5 centaur zombies
  A quasit (D:8)
  3 bullfrog zombies
  A gnoll shaman (D:7)
  8 hounds
  2 jellies
  3 bullfrog skeletons
  2 orc priests (D:12)
  2 centaur skeletons
  2 hell rats (Lair:5)
  6 orc wizards
  Natasha (twice) (D:4)
  3 iguanas
  12 worker ants
  A hound skeleton (D:8)
  A howler monkey zombie (D:5)
  A worker ant zombie (D:10)
  Robin (D:4)
  15 adders
  4 gnolls (D:7)
  8 river rats (Lair:5)
  3 shadow imps
  An ooze (D:2)
  2 adder skeletons
  A worm (D:3)
  3 dart slugs (D:1)
  2 leopard geckos (D:7)
  29 orcs
  2 giant cockroaches
  17 goblins
  10 hobgoblins
  24 jackals
  6 quokkas
  12 bats
  8 frilled lizards
  A giant cockroach zombie (D:5)
  17 kobolds
  A leopard gecko skeleton (D:4)
  A leopard gecko zombie (D:5)
  7 rats
  A plant (Lair:6)
622 creatures vanquished.

Vanquished Creatures (others)
  3 humans
  A bullfrog skeleton (D:4)
  A worker ant (D:4)
  Natasha (D:4)
  A worm (D:4)
  A giant cockroach (D:4)
  A bush (Lair:4)
  A butterfly (D:4)
  16 fungi
  22 plants
48 creatures vanquished.

Grand Total: 670 creatures vanquished

Notes
Turn   | Place    | Note
-------+----------+-------------------------------------------
     0 | D:1      | pkoi the Minotaur Gladiator began the quest for the Orb.
     0 | D:1      | Reached XP level 1. HP: 18/18 MP: 0/0
    63 | D:1      | Reached skill level 4 in Long Blades
   144 | D:1      | Reached XP level 2. HP: 25/25 MP: 1/1
   376 | D:1      | Reached skill level 5 in Long Blades
   431 | D:1      | Reached XP level 3. HP: 30/30 MP: 2/2
  1291 | D:2      | Found a faded altar of an unknown god.
  1481 | D:2      | Reached skill level 6 in Long Blades
  1481 | D:2      | Reached XP level 4. HP: 35/37 MP: 3/3
  1925 | D:2      | You fall through a shaft for 2 floors!
  1929 | D:4      | Noticed Robin
  1950 | D:4      | Killed Robin
  2213 | D:3      | Noticed an ogre
  2219 | D:3      | Killed an ogre
  2219 | D:3      | Reached skill level 7 in Long Blades
  2219 | D:3      | Reached XP level 5. HP: 29/42 MP: 4/4
  2254 | D:3      | Found a blossoming altar of Fedhas.
  2299 | D:3      | Reached skill level 8 in Long Blades
  2446 | D:3      | Noticed Sigmund
  2653 | D:3      | Reached XP level 6. HP: 45/50 MP: 5/5
  3075 | D:4      | Found a staircase to the Ecumenical Temple.
  3080 | D:4      | Noticed a slave
  3081 | D:4      | Noticed a slave
  3081 | D:4      | Noticed a slave
  3082 | D:4      | Noticed Pikel
  3088 | Temple   | Entered the Ecumenical Temple
  3150 | Temple   | Became a worshipper of Warmaster Okawaru
  3159 | D:4      | Noticed a slave
  3167 | D:4      | Killed a slave
  3192 | D:4      | Killed Pikel
  3192 | D:4      | Reached * piety under Okawaru
  3192 | D:4      | Reached skill level 10 in Long Blades
  3192 | D:4      | Reached XP level 7. HP: 6/56 MP: 6/6
  3514 | D:4      | Found a glowing golden altar of the Shining One.
  3535 | D:4      | Noticed Natasha
  3540 | D:4      | Reached skill level 11 in Long Blades
  3547 | D:4      | Killed Natasha
  3765 | D:4      | Reached XP level 8. HP: 58/62 MP: 7/7
  3899 | D:4      | Killed Natasha
  3991 | D:4      | Noticed Natasha
  3999 | D:4      | Killed Natasha
  4030 | D:4      | Reached ** piety under Okawaru
  4443 | D:5      | Entered Level 5 of the Dungeon
  4680 | D:5      | Found an opulent altar of Gozag.
  4698 | D:5      | Reached skill level 12 in Long Blades
  4929 | D:5      | Noticed davenfal's ghost (amateur DDAs)
  4939 | D:5      | Killed davenfal's ghost
  4939 | D:5      | Reached skill level 1 in Armour
  5230 | D:6      | Found a hazy altar of Hepliaklqana.
  5717 | D:6      | Reached *** piety under Okawaru
  5717 | D:6      | Reached XP level 9. HP: 39/71 MP: 8/8
  6199 | D:7      | Got a transparent short sword
  6200 | D:7      | Identified the cursed +1 short sword "Galeoxky" {freeze, +Inv Int-2 Dex+3} (You found it on level 7 of the Dungeon)
  6220 | D:7      | Reached skill level 5 in Dodging
  6431 | D:7      | Reached skill level 5 in Fighting
  6684 | D:8      | Found a sacrificial altar of Ru.
  6706 | D:8      | Found a snail-covered altar of Cheibriados.
  6706 | D:8      | Found a stormy altar of Qazlal.
  6710 | D:8      | Found a shadowy altar of Dithmenos.
  6719 | D:8      | Noticed a two-headed ogre
  6746 | D:8      | Killed a two-headed ogre
  6746 | D:8      | Reached **** piety under Okawaru
  6746 | D:8      | Reached skill level 13 in Long Blades
  6746 | D:8      | Reached skill level 5 in Armour
  6864 | D:8      | Reached skill level 5 in Throwing
  6912 | D:8      | Found Pedghefu's Book Emporium.
  6946 | D:8      | Reached XP level 10. HP: 83/83 MP: 9/9
  7018 | D:8      | Reached ***** piety under Okawaru
  7337 | D:9      | Noticed a two-headed ogre
  7348 | D:9      | Killed a two-headed ogre
  7615 | D:9      | Found a burning altar of Makhleb.
  7701 | D:9      | Found a sacrificial altar of Ru.
  8151 | D:3      | Killed Sigmund
  8294 | D:10     | Entered Level 10 of the Dungeon
  8965 | D:10     | Noticed a two-headed ogre
  8974 | D:10     | Killed a two-headed ogre
  8974 | D:10     | Received a gift from Okawaru
  9513 | D:10     | Noticed a wizard
  9515 | D:10     | Reached XP level 11. HP: 94/94 MP: 10/10
  9520 | D:10     | Killed a wizard
  9777 | D:10     | Found a staircase to the Lair.
  9886 | D:10     | Learned a level 1 spell: Summon Butterflies
  9917 | D:11     | Reached skill level 14 in Long Blades
  9975 | D:11     | Noticed a two-headed ogre
  9984 | D:11     | Killed a two-headed ogre
 10579 | D:12     | Noticed a cyan ugly thing
 10592 | D:12     | Killed a cyan ugly thing
 10992 | D:12     | Noticed a tengu warrior
 10993 | D:12     | Noticed a tengu warrior
 11007 | D:12     | Killed a tengu warrior
 11030 | D:12     | Killed a tengu warrior
 11030 | D:12     | Received a gift from Okawaru
 11438 | D:12     | You fall through a shaft!
 11442 | D:13     | Noticed an eight-headed hydra
 11451 | D:13     | Killed an eight-headed hydra
 11451 | D:13     | Reached XP level 12. HP: 103/105 MP: 11/11
 11688 | D:12     | Found a shadowy altar of Dithmenos.
 11707 | D:12     | Found a sparkling altar of Nemelex Xobeh.
 11708 | D:12     | Noticed Frances
 12063 | Lair:1   | Entered Level 1 of the Lair of Beasts
 12550 | Lair:1   | Reached skill level 10 in Fighting
 12673 | Lair:1   | Reached skill level 1 in Invocations
 12690 | Lair:1   | Reached ****** piety under Okawaru
 13358 | Lair:2   | Noticed a five-headed hydra
 13358 | Lair:2   | Noticed an eight-headed hydra
 13364 | Lair:1   | Killed an 11-headed hydra
 13531 | Lair:2   | Reached skill level 10 in Armour
 13657 | Lair:2   | Reached skill level 15 in Long Blades
 13660 | Lair:2   | You fall through a shaft for 2 floors!
 13687 | Lair:3   | Received a gift from Okawaru
 13702 | Lair:3   | Reached skill level 10 in Dodging
 14021 | Lair:3   | Found a labyrinth entrance.
 14031 | Lab      | Entered a labyrinth
 14290 | Lab      | Noticed a minotaur
 14305 | Lab      | Killed a minotaur
 14306 | Lab      | Identified Nudepraej's Catalogue of the Dusty Snowflakes
 14308 | Lab      | Got a twisted scimitar
 14309 | Lab      | Identified the +4 scimitar of Failevun {drain, +Inv rPois} (You found it in a labyrinth)
 14333 | Lair:3   | Noticed a seven-headed hydra
 14339 | Lair:3   | Killed a seven-headed hydra
 14561 | Lair:3   | Identified a scroll of acquirement
 14624 | Lair:3   | Reached XP level 13. HP: 114/115 MP: 14/14
 14624 | Lair:3   | Received a gift from Okawaru
 14629 | Lair:3   | Got a brightly glowing hat {god gift}
 14642 | Lair:3   | Identified the +0 hat of the Locust {rN+ SInv} (Okawaru gifted it to you on level 3 of the Lair of Beasts)
 14852 | Lair:3   | Reached skill level 1 in Evocations
 15931 | Lair:2   | Found a hole to the Spider Nest.
 17087 | Lair:4   | Noticed Kirke
 17134 | Lair:4   | Killed Kirke
 17134 | Lair:4   | Reached skill level 5 in Invocations
 17736 | Lair:4   | Found a staircase to the Shoals.
 17742 | Lair:4   | Received a gift from Okawaru
 18081 | Lair:5   | Found a staircase to the Slime Pits.
 18081 | Lair:5   | Found a viscous altar of Jiyva.
 19000 | Lair:6   | Entered Level 6 of the Lair of Beasts
 19173 | Lair:6   | Received a gift from Okawaru
 19176 | Lair:6   | Got a pair of faintly glowing gloves {god gift}
 19187 | Lair:6   | Identified the +2 pair of gloves "Puric" {rF+ rC+} (Okawaru gifted it to you on level 6 of the Lair of Beasts)
 19396 | Lair:6   | Reached XP level 14. HP: 67/125 MP: 17/17
 19780 | Lair:5   | Reached skill level 16 in Long Blades
 21398 | Lair:6   | Reached skill level 5 in Evocations
 22306 | Lair:6   | Received a gift from Okawaru
 22721 | D:12     | Killed Frances
 22871 | D:12     | Found a staircase to the Orcish Mines.
 22906 | D:12     | Found a roughly hewn altar of Beogh.
 23120 | D:13     | Found an iron altar of Okawaru.
 23340 | D:13     | Found Maresyda's Antique Weapon Emporium.
 23934 | Shoals:1 | Entered Level 1 of the Shoals
 24300 | Shoals:1 | Hit by a steel javelin thrown by a merfolk javelineer

Vault maps used:
D:1:      eino_arrival_cavern_b
D:2:      chequers_ecumenical_altar_twisty, first_ration, st_stairs_1,
          minmay_pentomino_t2
D:3:      fedhas_altar_2, uniq_sigmund
D:4:      minmay_temple_entry_butterflies, tso_metal_star, uniq_pikel,
          uniq_robin, uniq_natasha
D:5:      basic_altar
D:6:      basic_altar
D:7:      the_bakery, kennysheep_windowed_goal
D:8:      grunt_temple_overflow_open, serial_shops, kennysheep_little_box
D:9:      lemuel_crystal_altar, basic_altar, kennysheep_generic_room_16
D:10:     erik_lair_dragon, grunt_ministairs_3
D:12:     minmay_orc_entry_temple_small, basic_altar, david_defended_altar_elf,
          uniq_frances
D:13:     basic_altar, serial_shops, kennysheep_mini
Temple:   nicolae_temple_x_marks_the_god
Lair:1:   lemuel_fruit_fields, minmay_lair_oklob_chamber
Lair:2:   nicolae_spider_entry_tight_spaces, grunt_forest_stairs_basic,
          serial_bayou_shore_a
Lair:3:   lab_entry_generic, st_stairs_3, fungi_pond_lemuel
Lair:4:   minmay_shoals_entry_lonely_mermaid, cheibrodos_lair_reptile_den,
          uniq_kirke
Lair:5:   slime_altar_1, kennysheep_rathole
Lair:6:   minmay_lair_end_enchanted_forest, hibernation_bobbens
Shoals:1: st_shoals_ruin, uniq_louise
Lab:      nicolae_lab_grate_2, nicolae_lab_flowing_pool,
          labyrinth_skeletal_remains, nicolae_lab_t_cross

Skill      XL: |  1  2  3  4  5  6  7  8  9 10 11 12 13 14 |
---------------+-------------------------------------------+-----
Long Blades    | 4 5 6 7 8 10 11 12 13 14 15 16 | 16.5
Armour         | 3 5 7 9 10 11 12 | 12.6
Fighting       | 4 6 7 9 10 11 12 | 12.9
Dodging        | 4 6 7 9 10 11 12 | 12.1
Throwing       | 3 5 6 8 9 |  9.1
Invocations    | 3 5 7 |  7.4
Evocations     | 3 5 |  5.6

Action                   |  1- 3 |  4- 6 |  7- 9 | 10-12 | 13-15 || total
-------------------------+-------+-------+-------+-------+-------++-------
Melee: Long sword        |    83 |   123 |   260 |    81 |       ||   547
       Headbutt          |    16 |    18 |    55 |   165 |   195 ||   449
       Short sword       |       |       |    33 |       |       ||    33
       Great sword       |       |       |       |   573 |   723 ||  1296
       Unarmed           |       |       |       |       |    10 ||    10
Throw: Javelin           |       |       |       |       |    20 ||    20
Invok: Heroism           |       |       |       |     4 |     3 ||     7
       Finesse           |       |       |       |       |     1 ||     1
 Abil: Evoke Berserk Rag |       |       |       |       |     2 ||     2
Evoke: Wand              |       |       |     2 |    15 |     4 ||    21
       Lightning rod     |       |       |       |       |     4 ||     4
  Use: Potion            |       |     5 |     4 |       |       ||     9
       Scroll            |       |       |    13 |    13 |     2 ||    28
  Eat: Chunk             |     3 |    15 |    11 |    47 |    63 ||   139
Armor: Leather armour    |    35 |    37 |     3 |       |       ||    75
       Plate armour      |       |       |   154 |   429 |       ||   583
       Chain mail        |       |       |       |     6 |   458 ||   464
Dodge: Dodged            |    58 |    82 |   122 |   381 |   624 ||  1267
       Rpst.: Long sword |    18 |    17 |    30 |     9 |       ||    74
       Great sword       |       |       |       |   100 |   163 ||   263

Table legend:
 A = Spawn XP
 B = Non-spawn XP
 C = Spawn XP percentage of total XP
 D = Spawn monster count
 E = Non-spawn monster count
 F = Spawn count percentage of total count
 G = Total turns spent on level
                    A         B        C        D         E        F      G
               +---------+---------+-------+---------+---------+-------+---------
         Total |       0 |   98603 |   0.0 |       0 |     620 |   0.0 | 24300
               +---------+---------+-------+---------+---------+-------+---------
           D:1 |       0 |      47 |   0.0 |       0 |      27 |   0.0 |   835
           D:2 |       0 |      84 |   0.0 |       0 |      28 |   0.0 |  1120
           D:3 |       0 |     451 |   0.0 |       0 |      16 |   0.0 |   982
           D:4 |       0 |    1276 |   0.0 |       0 |      32 |   0.0 |  1739
           D:5 |       0 |     344 |   0.0 |       0 |       9 |   0.0 |   820
           D:6 |       0 |    1020 |   0.0 |       0 |      23 |   0.0 |   825
           D:7 |       0 |    1010 |   0.0 |       0 |      26 |   0.0 |   735
           D:8 |       0 |    1915 |   0.0 |       0 |      20 |   0.0 |   783
           D:9 |       0 |    2349 |   0.0 |       0 |      22 |   0.0 |   820
          D:10 |       0 |    5263 |   0.0 |       0 |      43 |   0.0 |  1373
          D:11 |       0 |    3292 |   0.0 |       0 |      36 |   0.0 |  1261
          D:12 |       0 |    9341 |   0.0 |       0 |      56 |   0.0 |  1209
          D:13 |       0 |    6791 |   0.0 |       0 |      39 |   0.0 |   814
        Lair:1 |       0 |    5918 |   0.0 |       0 |      31 |   0.0 |  1482
        Lair:2 |       0 |    7677 |   0.0 |       0 |      31 |   0.0 |  1270
        Lair:3 |       0 |    8563 |   0.0 |       0 |      31 |   0.0 |  1712
        Lair:4 |       0 |    8574 |   0.0 |       0 |      23 |   0.0 |  1438
        Lair:5 |       0 |    8528 |   0.0 |       0 |      34 |   0.0 |  2149
        Lair:6 |       0 |   22635 |   0.0 |       0 |      87 |   0.0 |  2430
      Shoals:1 |       0 |    1995 |   0.0 |       0 |       3 |   0.0 |   156
           Lab |       0 |    1530 |   0.0 |       0 |       3 |   0.0 |   280
               +---------+---------+-------+---------+---------+-------+---------
